 Dungeon Crawl Stone Soup version 0.29-a0-330-g52719c12eb (webtiles) character file.

Game seed: 13045601015475881601

3254 HoaS the Grappler (level 9, -1/85 (89) HPs)
             Began as a Troll Gladiator on May 22, 2022.
             Was an Initiate of Makhleb.
             Slain by a wight
             ... wielding a +2 trident of distortion
              (4 damage)
             ... on level 7 of the Dungeon.
             The game lasted 00:16:48 (6173 turns).

HoaS the Grappler (Troll Gladiator)                 Turns: 6173, Time: 00:16:49

HP:   -1/85 (89)    AC:  6    Str: 24    XL:     9   Next: 67%
MP:   8/8           EV: 12    Int:  4    God:    Makhleb [......]
Gold: 420           SH:  0    Dex: 15    Spells: 8/8 levels left

rFire   . . .      SeeInvis .     - Unarmed
rCold   . . .      Faith    .   (no shield)
rNeg    . . .      Spirit   .   a - +0 robe
rPois   .          Reflect  .   b - +1 hat
rElec   .          Harm     .   w - +0 cloak of Qaizew {Slay+4}
rCorr   .          Rampage  .   (gloves unavailable)
Will    .....                   (boots unavailable)
Stlth   +.........              y - amulet of regeneration
HPRegen 1.84/turn               (no ring)
MPRegen 0.11/turn               (no ring)

@: lightly drained
A: large, unfitting armour, claws 3, regeneration 1, shaggy fur 1, tough skin 1
a: Renounce Religion


You were on level 7 of the Dungeon.
You worshipped Makhleb.
Makhleb was noncommittal.
You visited 2 branches of the dungeon, and saw 8 of its levels.
You also visited: Ossuary.

You collected 420 gold pieces.

Inventory:

Missiles
 c - 5 throwing nets
 d - a large rock
 h - 2 javelins (quivered)
 t - 23 poisoned darts
 v - 5 boomerangs
Armour
 a - a +0 robe (worn)
 b - a +1 hat (worn)
 w - the +0 cloak of Qaizew (worn) {Slay+4}
   (You acquired it on level 7 of the Dungeon)

   Slay:      It affects your accuracy & damage with ranged weapons and melee
   (+4).
Jewellery
 y - an amulet of regeneration (around neck)
Wands
 p - a wand of iceblast (10)
Scrolls
 e - 5 scrolls of teleportation
 q - 3 scrolls of blinking
 r - a scroll of identify
 u - 2 scrolls of magic mapping
Potions
 f - 6 potions of lignification
 g - 2 potions of flight
 i - a potion of resistance
 j - 3 potions of mutation
 k - 2 potions of ambrosia
 l - a potion of degeneration {unknown}
 m - 9 potions of curing
 n - 3 potions of cancellation {unknown}
 o - a potion of magic {unknown}
 s - a potion of berserk rage {unknown}
 x - a potion of brilliance {unknown}


   Skills:
 + Level 5.8 Fighting
 - Level 6.0 Throwing
 + Level 5.8 Dodging
 + Level 8.5 Unarmed Combat


You had 8 spell levels left.
You didn't know any spells.
Your spell library contained the following spells:

 Spells                   Type           Power      Damage    Failure   Level
 Animate Skeleton         Necr           0%         N/A       50%         1
 Freeze                   Ice            0%         1d3       50%         1
 Pain                     Necr           0%         1d4       50%         1
 Frozen Ramparts          Ice            0%         1d2       86%         3
 Tukima's Dance           Hex            0%         N/A       86%         3
 Vampiric Draining        Necr           0%         2d6       86%         3
 Anguish                  Hex/Necr       0%         N/A       99%         4
 Hailstorm                Conj/Ice       0%         3d3       99%         4
 Iskenderun's Battlesphe  Conj           0%         2d6       100%        5
 Iron Shot                Conj/Erth      0%         9d1       100%        6
 Enfeeble                 Hex            0%         N/A       100%        7
 Spellforged Servitor     Conj/Summ      0%         N/A       100%        7


Dungeon Overview and Level Annotations

Branches:
Dungeon (7/15)             Temple (1/1) D:7         Ossuary (visited)

Altars:
Ashenzari
Cheibriados
Elyvilon
Fedhas
Gozag
Kikubaaqudgha
Makhleb
Nemelex Xobeh
Okawaru
Qazlal
Ru
Sif Muna
Trog
Uskayaw
Vehumet
Wu Jian
Xom
Yredelemnul
Zin
The Shining One

Shops:
D:1 ([   D:3 *

Annotations:
D:5 2 transporters, Crownlay's ghost, novice OpEE


Innate Abilities, Weirdness & Mutations

You are too large for most types of armour.
You have claws for hands.
Your natural rate of healing is unusually fast.
You are covered in fur. (AC +1)
You have tough skin. (AC +1)


Message History

Makhleb accepts your kill. The wight closely misses you.
The wight hits you from afar with a +0 halberd!
Your life force feels restored.
The wight attacks as you move away! The wight hits you with a +0 trident.
The wight hits you from afar with a +0 trident.
The wight barely misses you.
Things that are here:
a +0 flail; a +0 robe You claw the wight!
You destroy the wight!
Makhleb accepts your kill.
The wight hits you with a +2 trident of distortion!
You feel drained. Space warps around you.
Items here: )) [[ †.
You scratch the wight.
The wight is lightly damaged.
The wight hits you with a +2 trident of distortion!
You feel drained.
* * * LOW HITPOINT WARNING * * *
You blink.
The wight hits you with a +0 trident.
* * * LOW HITPOINT WARNING * * *
You mangle the wight!!
You destroy the wight!
Makhleb accepts your kill. The wight barely misses you.
Things that are here:
a +0 trident; a +0 robe The wight hits you with a +2 trident of distortion.
* * * LOW HITPOINT WARNING * * *
You feel drained.
* * * LOW HITPOINT WARNING * * *
Space warps horribly around you!
* * * LOW HITPOINT WARNING * * *
Things that are here:
a +0 flail; a +0 robe You scratch the wight.
The wight is lightly damaged.
The wight hits you with a +2 trident of distortion.
You die...

###### #....##### # ## #........#
.#z#.#### #........#######
.zz.....##########.....[..#...#..
...............z@))............>.
....#...###.#####.....####.....#
.......#.....##.....##.# #.....#
.#.#.#.#..##.##.....##.# #)...##
........##.##........# ####.#
#.######.#..........#.# #.# ..
#.#..........#.#######†## #
..#.....####.#.......†...
..####### #.#.#..####...


You could see a wight.

Vanquished Creatures
  Grinder (D:5)
  A steam dragon (D:7)
  A water moccasin (D:7)
  An ice beast (D:7)
  2 ogres
  Blork the orc (D:5)
  A kobold brigand (D:6)
  A bullfrog (D:7)
  3 necrophages
  12 scorpions
  4 wights (D:7)
  A killer bee (D:7)
  A howler monkey (D:5)
  8 centaur zombies (Ossuary)
  Crazy Yiuf (D:5)
  A human zombie (Ossuary)
  An orc priest (D:7)
  A gnoll shaman (D:4)
  2 hounds (D:4)
  6 iguanas
  3 scorpion zombies (Ossuary)
  7 orc wizards
  3 mummies (Ossuary)
  16 adders
  6 gnolls
  A white imp (D:5)
  An ufetubus (D:5)
  5 dart slugs
  17 orcs
  7 endoplasms
  4 giant cockroaches
  2 gnoll zombies (Ossuary)
  4 goblins
  6 hobgoblins
  2 jackals (D:1)
  2 quokkas (D:4)
  5 ball pythons
  6 bats
  4 frilled lizards
  A goblin zombie (Ossuary)
  2 hobgoblin zombies (Ossuary)
  8 kobolds
  3 kobold zombies (Ossuary)
  2 orc zombies (Ossuary)
  A rat (D:2)
168 creatures vanquished.

Notes
Turn   | Place    | Note
-------+----------+-------------------------------------------
     0 | D:1      | HoaS the Troll Gladiator began the quest for the Orb.
     0 | D:1      | Reached XP level 1. HP: 19/19 MP: 0/0
    62 | D:1      | Found Gazec's Antique Armour Boutique.
   133 | D:1      | Reached XP level 2. HP: 27/27 MP: 1/1
   241 | D:1      | Found Cuchigu's Weapon Boutique.
   708 | D:2      | Reached skill level 4 in Unarmed Combat
   925 | D:2      | Reached XP level 3. HP: 33/33 MP: 2/2
  1380 | D:2      | Found a faded altar of an unknown god.
  1468 | D:3      | Reached XP level 4. HP: 41/41 MP: 3/3
  1514 | D:3      | Reached skill level 5 in Unarmed Combat
  1847 | D:3      | Found Pykuwn's Assorted Antiques.
  2344 | D:4      | Reached XP level 5. HP: 38/48 MP: 4/4
  2380 | D:4      | Found a hide-covered altar of Uskayaw.
  2473 | D:4      | Reached skill level 6 in Unarmed Combat
  2670 | D:4      | Reached XP level 6. HP: 52/57 MP: 5/5
  2856 | D:4      | Found a snail-covered altar of Cheibriados.
  3361 | D:5      | Entered Level 5 of the Dungeon
  3361 | D:5      | Found a transporter.
  3362 | D:5      | Noticed Crownlay's ghost (novice OpEE)
  3368 | D:5      | Noticed Grinder
  3372 | D:5      | Killed Grinder
  3373 | D:5      | Reached XP level 7. HP: 67/67 MP: 6/6
  3467 | D:5      | Identified the +1 helmet of Conscience {rF- Will++}
  3469 | D:5      | Found a transporter.
  3472 | D:5      | Noticed Blork the orc
  3480 | D:5      | Killed Blork the orc
  3608 | D:5      | Found a stormy altar of Qazlal.
  3608 | D:5      | Found a sparkling altar of Nemelex Xobeh.
  3608 | D:5      | Found a glowing silver altar of Zin.
  3639 | D:5      | Reached XP level 8. HP: 27/78 MP: 7/7
  4136 | D:5      | Found a runed translucent door.
  4137 | D:5      | Noticed Crazy Yiuf
  4145 | D:5      | Killed Crazy Yiuf
  4334 | D:6      | Found an ancient bone altar of Kikubaaqudgha.
  4479 | D:6      | Reached skill level 7 in Unarmed Combat
  5170 | D:7      | Found a sand-covered staircase.
  5177 | Ossuary  | Entered an ossuary
  5234 | Ossuary  | Reached skill level 5 in Throwing
  5330 | Ossuary  | Reached XP level 9. HP: 87/87 MP: 8/8
  5382 | Ossuary  | Reached skill level 5 in Fighting
  5382 | Ossuary  | Reached skill level 5 in Dodging
  5448 | Ossuary  | Reached skill level 8 in Unarmed Combat
  5554 | D:7      | Identified a scroll of acquirement
  5554 | D:7      | Acquired the +0 cloak of Qaizew {Slay+4}
  5692 | D:7      | Found a staircase to the Ecumenical Temple.
  5744 | Temple   | Entered the Ecumenical Temple
  5868 | Temple   | Became a worshipper of Makhleb the Destroyer
  6172 | D:7      | HP: 1/85 [wight/+2 trident of distortion (13)]
  6173 | D:7      | Slain by a wight

Illustrated notes

Levels and vault maps discovered:
D:1:      dpeg_arrival_tiny_k, layout_basic, serial_shops,
          nicolae_shop_window_shopping, shop
D:2:      layout_basic, nicolae_ecumenical_oubliette
D:3:      cheibrodos_helix_gallery, layout_basic, serial_shops, shop
D:4:      layout_gridville, amcnicky_altar_gilded,
          nicolae_uskayaw_murder_on_the_dancefloor, gup_sewer_entry_glass,
          grunt_ministairs_1
D:5:      layout_cave_pools, chequers_temple_overflow_statue_of_worship,
          gammafunk_ghost_arena, minmay_misc_feat_nine_boxes,
          serial_bayou_crossing, uniq_blork_the_orc, uniq_grinder,
          uniq_crazy_yiuf_cottage
D:6:      lemuel_ice_spiral_2, layout_basic, kiku_gazebo_garden_becter
D:7:      layout_basic, temple_hall, chequers_ossuary_entry_cave,
          glass_columns_a
Temple:   jpeg_temple_clearing

Skill      XL: |  1  2  3  4  5  6  7  8  9 |
---------------+----------------------------+-----
Unarmed Combat | 4 5 6 7 8 |  8.5
Throwing       | 2 3 4 5 6 |  6.0
Fighting       | 2 3 4 5 |  5.8
Dodging        | 3 4 5 |  5.8

Action                   |  1- 3 |  4- 6 |  7- 9 || total
-------------------------+-------+-------+-------++-------
Melee: Unarmed           |    71 |   128 |   284 ||   483
       Punch             |     1 |     4 |    17 ||    22
Throw: Javelin           |       |     3 |     5 ||     8
       Large rock        |       |     1 |     1 ||     2
  Use: Scroll            |     7 |     5 |     6 ||    18
 Stab: Sleeping          |     1 |     2 |       ||     3
       Distracted        |       |     1 |       ||     1
Armor: Robe              |    21 |    35 |    94 ||   150
Dodge: Dodged            |    25 |    51 |   150 ||   226

Table legend: (Time is in decaauts)
 A = Elapsed time spent in this place.
 B = Non-inter-level travel time spent in this place.
 C = Inter-level travel time spent in this place.
 D = Time resting spent in this place.
 E = Time spent auto-exploring this place.
 F = Levels seen in this place.
 G = Mean time per level.
                   A        B        C        D        E       F      G
               +--------+--------+--------+--------+--------+-----+--------+
         Total |   6126 |   5771 |    355 |    393 |   4166 |   9 |  680.7 |
       Dungeon |   5654 |   5356 |    298 |    393 |   3975 |   7 |  807.7 |
        Temple |    152 |     95 |     57 |      0 |     82 |   1 |  152.0 |
       Ossuary |    319 |    319 |      0 |      0 |    109 |   1 |  319.0 |
               +--------+--------+--------+--------+--------+-----+--------+

Top non-repeatable levels by time:
     D:4: 1023 daAuts
     D:6: 959 daAuts
     D:3: 910 daAuts
     D:5: 839 daAuts
     D:2: 743 daAuts
     D:1: 664 daAuts
     D:7: 513 daAuts
 Ossuary: 319 daAuts
  Temple: 152 daAuts
